 Dungeon Crawl Stone Soup version 0.23.2-40-g277498a001 (webtiles) character file.

Game seed: 15338694957389137378

261 lakrsv the Caller (level 5, -6/28 HPs)
             Began as a Deep Elf Summoner on Sept 24, 2019.
             Killed from afar by a guardian golem (31 damage)
             ... with an exploding inner flame
             ... summoned by the player character
             ... hexed by INVALID YOU_FAULTLESS
             ... on level 5 of the Dungeon.
             The game lasted 00:28:26 (5545 turns).

lakrsv the Caller (Deep Elf Summoner)               Turns: 5545, Time: 00:28:27

Health: -6/28      AC:  2    Str:  5    XL:     5   Next: 96%
Magic:  10/14      EV: 14    Int: 21    God:
Gold:   264        SH:  0    Dex: 15    Spells: 4/13 levels left

rFire    . . .     SeeInvis .   (no weapon)
rCold    . . .     Gourm    .   (no shield)
rNeg     . . .     Faith    .   a - +0 robe
rPois    .         Spirit   .   (no helmet)
rElec    .         Reflect  .   y - scarf {cloud immunity}
rCorr    .         Harm     .   (no gloves)
MR       .....                  (no boots)
Stlth    +++.......             (no amulet)
HPRegen  0.09/turn              (no ring)
MPRegen  0.14/turn              (no ring)

@: no status effects
A: no striking features
a: no special abilities


You were on level 5 of the Dungeon.
You were very hungry.

You visited 1 branch of the dungeon, and saw 5 of its levels.

You collected 264 gold pieces.

Inventory:

Hand Weapons
 b - a +0 dagger
 g - a +0 club
 i - a +0 mace
 j - a cursed -1 club
 m - a +0 dagger
 p - a +1 short sword
 r - a +0 club
 s - a +0 whip
 u - a +0 club
 A - a +0 long sword
Missiles
 l - 57 stones (quivered)
Armour
 a - a +0 robe (worn)
 e - a +0 robe
 f - a +0 pair of gloves
 k - a +0 shield
 n - a +0 pair of gloves
 o - a cursed +0 leather armour
 q - a +0 pair of gloves
 y - a scarf of cloud immunity (worn)
 C - a +0 leather armour
 E - a +0 cloak
 F - a +0 robe
 K - a +0 helmet
Wands
 z - a wand of acid (7)
Scrolls
 d - a scroll of random uselessness {unknown}
 w - a scroll of remove curse
 x - a scroll of blinking
Potions
 h - 4 potions of lignification
 t - a potion of flight
 v - a potion of degeneration {unknown}
 G - a potion of curing
 H - 2 potions of haste
 I - a potion of ambrosia {unknown}
 J - a potion of brilliance
 L - 2 potions of might
 M - a potion of resistance {unknown}
Comestibles
 c - 10 rations


   Skills:
 + Level 4.1 Dodging
 + Level 4.5 Stealth
 + Level 4.8 Spellcasting
 + Level 5.6 Summonings


You had 4 spell levels left.
You knew the following spells:

 Your Spells              Type           Power        Failure   Level  Hunger
a - Summon Small Mammal   Summ           ####         1%          1    None
b - Call Canine Familiar  Summ           ####....     3%          3    ##.....
c - Summon Guardian Gole  Hex/Summ       ###.....     11%         3    ##.....
d - Call Imp              Summ           ####....     1%          2    None

Your spell library contained the following spells:

 Spells                   Type           Power        Failure   Level  Hunger
 Summon Ice Beast         Ice/Summ       ###.....     34%         4    ####...
 Summon Lightning Spire   Summ/Air       ###.....     34%         4    ####...


Dungeon Overview and Level Annotations

Branches:
Dungeon (5/15)
 Temple: D:4-7

Altars:
Uskayaw


Message History

Something hits your guardian golem but does no damage.
Something hits your guardian golem! Something hits your guardian golem.
Something hits your guardian golem!
Your guardian golem overheats!
The phantom hits your guardian golem!
The phantom blinks!
The phantom misses you. The phantom hits you.
The phantom blinks!
The phantom hits something.
Casting: Summon Guardian Golem (safe; 11% risk of failure)
Confirm with . or Enter, or press ? or * to list all spells.
A beastly little devil appears in a puff of frigid air.
Something hits your guardian golem.
Something hits your guardian golem but does no damage.
Something hits your guardian golem but does no damage.
Something hits your guardian golem!
Your guardian golem explodes!
The fiery explosion engulfs you!!
Ouch! That really hurt!
You die...

.#..##.# ..#.# .# ###.#
.# # #.# .# ### ###.##.#
#. ..# # # .......# #.#
#.#.###.. ##..#..###.#
#.#§..... ##.........#
#5§§....# ...##.####.#
#@#.#####
...##.##...#####........
...##.##.#..............
##.##.##.#..............
##.##.##.#.##.##########
...........##.#
#.............#
#............(#
###############


You could see a friendly white imp.

Vanquished Creatures
  An adder (D:4)
  A leopard gecko (D:1)
  A kobold (D:3)
3 creatures vanquished.

Vanquished Creatures (collateral kills)
  A hungry ghost (D:4)
  2 crimson imps (D:5)
  2 orc wizards (D:4)
  3 worker ants (D:4)
  A worker ant zombie (D:5)
  4 adders
  2 dart slugs
  6 leopard geckos
  7 orcs (D:4)
  7 bats
  8 giant cockroaches
  3 goblins (D:1)
  7 hobgoblins
  2 jackals (D:1)
  8 quokkas
  A ball python (D:1)
  7 frilled lizards
  6 kobolds
  A quokka skeleton (D:4)
  6 rats
84 creatures vanquished.

Grand Total: 87 creatures vanquished

Notes
Turn   | Place    | Note
-------+----------+-------------------------------------------
     0 | D:1      | lakrsv the Deep Elf Summoner began the quest for the Orb.
     0 | D:1      | Reached XP level 1. HP: 10/10 MP: 6/6
  1328 | D:1      | Reached XP level 2. HP: 15/15 MP: 6/8
  2529 | D:2      | Reached XP level 3. HP: 19/19 MP: 5/10
  3493 | D:3      | Learned a level 3 spell: Call Canine Familiar
  3561 | D:3      | Noticed a +0 hand axe
  3563 | D:3      | Found a hide-covered altar of Uskayaw.
  3563 | D:3      | Noticed a +0 dagger
  4344 | D:4      | Reached skill level 5 in Summonings
  4362 | D:4      | Reached XP level 4. HP: 24/24 MP: 9/11
  4581 | D:4      | Noticed a hungry ghost
  4611 | D:4      | Killed a hungry ghost
  4611 | D:4      | Reached XP level 5. HP: 28/28 MP: 7/13
  5061 | D:4      | Learned a level 3 spell: Summon Guardian Golem
  5224 | D:5      | Entered Level 5 of the Dungeon
  5411 | D:5      | Learned a level 2 spell: Call Imp
  5480 | D:5      | Noticed a phantom
  5545 | D:5      | Killed from afar by a guardian golem

Skill      XL: |  1  2  3  4  5 |
---------------+----------------+-----
Stealth        | 3 4 |  4.5
Dodging        | 3 4 |  4.1
Summonings     | 5 |  5.6
Spellcasting   | 4 |  4.8

Action                   |  1- 3 |  4- 6 || total
-------------------------+-------+-------++-------
Melee: Unarmed           |    35 |       ||    35
Throw: Stone             |    59 |    11 ||    70
 Cast: Summon Small Mamm |    99 |    20 ||   119
       Call Canine Famil |     5 |    13 ||    18
       Call Imp          |       |     5 ||     5
       Summon Guardian G |       |     4 ||     4
Evoke: Wand              |       |     1 ||     1
  Use: Scroll            |     3 |     7 ||    10
       Potion            |       |     4 ||     4
 Stab: Distracted        |     2 |       ||     2
       Sleeping          |     3 |       ||     3
  Eat: Chunk             |    11 |     3 ||    14
Armor: Robe              |    61 |     8 ||    69
Dodge: Dodged            |   159 |    53 ||   212
